Capitals vs Canadiens

Created - Wednesday, December 09, 2015 at 02:45

Goals
1 2 3 T
Capitals 0 2 3 5
Canadiens 4 1 1 6
Shots
1 2 3 T
Capitals 7 18 8 33
Canadiens 20 5 8 33

1st period

1. Canadiens , Justin Abdelkader 13 (Mike Cammalleri, Jordie Benn) at 2:26 (PP)
2. Canadiens , Justin Abdelkader 14 (Francois Beauchemin, Pekka Rinne) at 3:32 (PP)
3. Canadiens , Brian Boyle 4 (Justin Fontaine) at 8:48
4. Canadiens , Ryan Callahan 12 (Joe Thornton, Daniel Sedin) at 9:08

Penalties :
Paul Martin (Was) for Slashing (Double Minor) at 1:49, Gregory Campbell (Mon) for Fighting (Major) at 16:33, Shawn O'Donnell (Was) for Fighting (Major) at 16:33, Bobby Sanguinetti (Mon) for Fighting (Major) at 18:07, Luke Adam (Was) for Fighting (Major) at 18:07

2nd period

5. Capitals , Andy Greene 4 (Steve Bernier, Kris Versteeg) at 1:26
6. Canadiens , Matt Niskanen 3 (Andrew Campbell, Ryan Callahan) at 6:24 (PP)
7. Capitals , Alex Tanguay 8 (Jussi Jokinen) at 8:40 (PP)

Penalties :
Damon Severson (Was) for Tripping (Minor) at 3:23, Eric O'Dell (Was) for Charging (Minor) at 6:13, Francois Beauchemin (Mon) for Interference (Minor) at 8:35, Chad LaRose (Was) for Hooking (Minor) at 9:05

3rd period

8. Capitals , Kris Versteeg 7 (Steve Bernier, Leon Draisaitl) at 1:37 (PP)
9. Canadiens , Justin Abdelkader 15 (Mike Cammalleri) at 8:01
10. Capitals , Paul Martin 3 (Andy Greene, Matt Read) at 11:08 (PP)
11. Capitals , Kris Versteeg 8 (Leon Draisaitl, Paul Martin) at 11:28 (PP)

Penalties :
Ben Lovejoy (Mon) for Tripping (Minor) at 0:33, Mike Ribeiro (Mon) for Hooking (Minor) at 3:45, Jaromir Jagr (Mon) for Roughing (Minor) at 9:27, Brian Boyle (Mon) for High sticking (Minor) at 10:27, Eric O'Dell (Was) for Slashing (Minor) at 18:26

Goalie Stats

Marc-Andre Fleury (Was), 14 saves from 16 shots - (0.875), L, 9-13-1, 50:52 minutes
Matt Murray (Was), 13 saves from 17 shots - (0.765), 9:08 minutes
Pekka Rinne (Mon), 28 saves from 33 shots - (0.848), W, 14-5-5, 60:00 minutes

Players Stats for Capitals

Player Name              G  A  P  +/- PIM S  H  SB GA TA FO     MP     PP MP  PK MP  
------------------------------------------------------------------------------------
Alex Tanguay             1  0  1  -2  0   5  0  0  3  1  1/2    20:32   2:34   1:19 
Andy Greene              1  1  2   0  0   4  2  1  0  3  0/0    26:50   3:05   4:10 
Chad LaRose              0  0  0   0  2   1  1  0  2  0  0/0     8:16   0:00   0:00 
Damon Severson           0  0  0  -1  2   1  1  0  0  3  0/0    20:15   2:04   2:29 
Eric Gelinas             0  0  0  -1  0   0  1  1  0  2  0/0    21:02   2:04   3:15 
Eric Neilson             0  0  0  -1  0   0  1  0  0  0  1/1    11:06   0:00   0:00 
Eric O'Dell              0  0  0  -1  4   3  3  1  0  0  3/11   12:23   0:00   0:00 
Jussi Jokinen            0  1  1  -2  0   2  0  1  1  0  13/29  23:58   2:34   5:27 
Kris Versteeg            2  1  3   1  0   3  3  1  5  0  0/0    16:35   2:35   1:19 
Leon Draisaitl           0  2  2   1  0   2  0  0  3  0  13/27  21:50   2:35   0:00 
Luke Adam                0  0  0   0  5   1  1  0  0  0  0/2     7:56   0:00   0:39 
Mark Cundari             0  0  0  -1  0   1  0  1  0  1  0/0    12:08   0:00   0:00 
Matt Read                0  1  1  -2  0   5  0  3  0  2  0/0    24:37   2:34   6:06 
Maxim Noreau             0  0  0  -1  0   1  1  0  0  1  0/0    14:15   0:00   2:00 
Paul Martin              1  1  2   0  4   4  0  0  1  1  0/0    25:35   3:05   2:56 
Robyn Regehr             0  0  0   0  0   0  0  0  0  0  0/0     0:00   0:00   0:00 
Shawn O'Donnell          0  0  0  -1  5   0  0  0  0  0  0/0    10:36   0:00   0:00 
Steve Bernier            0  2  2   1  0   0  2  0  0  1  0/0    14:34   2:35   0:00 

Players Stats for Canadiens

Player Name              G  A  P  +/- PIM S  H  SB GA TA FO     MP     PP MP  PK MP  
------------------------------------------------------------------------------------
Andrew Campbell          0  1  1   1  0   1  3  2  0  3  0/0    23:24   4:57   3:53 
Ben Lovejoy              0  0  0   1  2   1  2  0  0  0  0/0    18:56   0:00   1:16 
Bobby Sanguinetti        0  0  0   2  5   1  1  0  0  0  0/0    11:27   0:00   0:00 
Brian Boyle              1  0  1   1  2   1  0  2  1  0  2/4    10:34   0:00   3:45 
Daniel Sedin             0  1  1   0  0   2  0  1  3  1  0/0    18:49   3:34   0:00 
Francois Beauchemin      0  1  1  -1  2   4  3  2  0  1  0/0    21:00   2:28   1:16 
Gregory Campbell         0  0  0   1  5   1  0  0  0  0  3/6    10:02   0:00   4:06 
Jaromir Jagr             0  0  0   0  2   1  0  1  2  0  0/0    12:09   0:00   0:00 
Joe Thornton             0  1  1   0  0   2  0  1  0  0  14/21  18:49   3:34   0:00 
Jordie Benn              0  1  1   0  0   1  2  1  0  0  0/0    17:39   2:28   0:00 
Justin Abdelkader        3  0  3   1  0   5  1  1  5  1  1/2    17:11   3:51   0:08 
Justin Fontaine          0  1  1   1  0   2  0  0  1  0  0/0     6:44   0:00   0:00 
Mathieu Perreault        0  0  0   1  0   1  0  1  3  0  11/15  17:17   3:51   0:14 
Matt Niskanen            1  0  1   1  0   1  4  3  0  2  0/0    27:31   4:57   3:53 
Mike Cammalleri          0  2  2   1  0   3  0  1  3  0  3/8    19:18   3:51   1:23 
Mike Ribeiro             0  0  0   0  2   2  1  0  5  0  5/12   12:14   0:00   0:00 
Patrick Eaves            0  0  0   0  0   1  2  1  0  0  2/2    12:10   0:00   0:00 
Ryan Callahan            1  1  2   0  0   3  1  0  9  1  0/2    18:49   3:34   0:00 

3 Stars

1 - Justin Abdelkader (Mon)
2 - Kris Versteeg (Was)
3 - Matt Niskanen (Mon)

Power Play

Capitals - 4 on 5 Attempt(s) - 80.00%
Canadiens - 3 on 6 Attempt(s) - 50.00%

Penalty Kill

Capitals - 3 on 6 Attempt(s) - 50.00% - Score 0 goal in Penalty Kill
Canadiens - 1 on 5 Attempt(s) - 20.00% - Score 0 goal in Penalty Kill

Team Stat

Capitals - Hits : 16 - Faceoff Wins : 31 - Blocked Shots : 9 - Penalty Minutes : 22
Canadiens - Hits : 20 - Faceoff Wins : 41 - Blocked Shots : 17 - Penalty Minutes : 20

Official

Referees : Unknown
Linesman : Unknown

Game Notes

Marc-Andre Fleury enters game at 9:08 of 1st period
Shawn O'Donnell beats up Gregory Campbell at 16:33 of 1st period
Luke Adam beats up Bobby Sanguinetti at 18:07 of 1st period
Justin Abdelkader has scored a Hat Trick!

Finance

Level 1 -- Attendance: 5930 (98.83%) -- Ticket Income $486,260
Level 2 -- Attendance: 4798 (95.96%) -- Ticket Income $239,900
Level 3 -- Attendance: 1919 (95.95%) -- Ticket Income $53,732
Level 4 -- Attendance: 3758 (93.95%) -- Ticket Income $63,886
Luxury Box -- Attendance: 790 (79.00%) -- Ticket Income $142,200
Game was played at the Bell Centre.
Total Attendance: 17195 (95.53%)
Total Ticket Income: $985,978
Other Income: $483,129
Total Income: $1,469,107

Capitals

5 vs 5 Forward 
   Center                   Left Wing                Right Wing               Time % Phy DF OF 
 1 Jussi Jokinen            Matt Read                Alex Tanguay             35     1   2  2  
 2 Leon Draisaitl           Kris Versteeg            Steve Bernier            30     1   2  2  
 3 Leon Draisaitl           Luke Adam                Chad LaRose              22     1   2  2  
 4 Eric O'Dell              Shawn O'Donnell          Eric Neilson             13     1   2  2  

5 vs 5 Defense 
   Defense                  Defense                                           Time % Phy DF OF 
 1 Andy Greene              Paul Martin                                       35     1   2  2  
 2 Eric Gelinas             Damon Severson                                    30     1   2  2  
 3 Mark Cundari             Maxim Noreau                                      22     1   2  2  
 4 Andy Greene              Paul Martin                                       13     1   2  2  

PowerPlay Forward 
   Center                   Left Wing                Right Wing               Time % Phy DF OF 
 1 Jussi Jokinen            Matt Read                Alex Tanguay             60     1   2  2  
 2 Leon Draisaitl           Kris Versteeg            Steve Bernier            40     1   2  2  

PowerPlay Defense
   Defense                  Defense                                           Time % Phy DF OF 
 1 Andy Greene              Paul Martin                                       60     1   2  2  
 2 Eric Gelinas             Damon Severson                                    40     1   2  2  

Penalty Kill 4 Players Forward 
   Center                   Wing                     Time % Phy DF OF 
 1 Jussi Jokinen            Matt Read                60     1   2  2  
 2 Alex Tanguay             Kris Versteeg            40     1   2  2  

Penalty Kill 4 Players Defense
   Defense                  Defense                  Time % Phy DF OF 
 1 Andy Greene              Paul Martin              60     1   2  2  
 2 Eric Gelinas             Damon Severson           40     1   2  2  

Penalty Kill - 3 Players Forward 
   Forward                                           Time % Phy DF OF 
 1 Jussi Jokinen                                     60     1   2  2  
 2 Matt Read                                         40     1   2  2  

Penalty Kill - 3 Players Defense
   Defense                  Defense                  Time % Phy DF OF 
 1 Andy Greene              Paul Martin              60     1   2  2  
 2 Eric Gelinas             Damon Severson           40     1   2  2  

4 vs 4 Forward 
   Center                   Wing                     Time % Phy DF OF 
 1 Jussi Jokinen            Matt Read                60     1   2  2  
 2 Alex Tanguay             Kris Versteeg            40     1   2  2  

4 vs 4 Defense
   Defense                  Defense                  Time % Phy DF OF 
 1 Andy Greene              Paul Martin              60     1   2  2  
 2 Eric Gelinas             Damon Severson           40     1   2  2  

Last Minutes Offensive
   Center                   Left Wing                Right Wing               Defense                  Defense                  
   Jussi Jokinen            Matt Read                Alex Tanguay             Andy Greene              Paul Martin              

Last Minutes Defensive
   Center                   Left Wing                Right Wing               Defense                  Defense                  
   Jussi Jokinen            Matt Read                Alex Tanguay             Andy Greene              Paul Martin              

Goaltenders
Starting : Matt Murray              
Backup : Marc-Andre Fleury        

Extra Forwards
Normal : Leon Draisaitl, Eric O'Dell, Luke Adam - PP : Leon Draisaitl, Eric O'Dell - PK : Luke Adam
Extra Defensemen
Normal : Mark Cundari, Maxim Noreau, Eric Gelinas - PP : Mark Cundari - PK : Maxim Noreau, Eric Gelinas
Penalty Shots
Jussi Jokinen, Matt Read, Alex Tanguay, Kris Versteeg, Eric O'Dell

Canadiens

5 vs 5 Forward 
   Center                   Left Wing                Right Wing               Time % Phy DF OF 
 1 Joe Thornton             Daniel Sedin             Ryan Callahan            33     1   1  3  
 2 Mathieu Perreault        Mike Cammalleri          Justin Abdelkader        31     1   1  3  
 3 Mike Ribeiro             Patrick Eaves            Jaromir Jagr             26     1   1  3  
 4 Gregory Campbell         Brian Boyle              Justin Fontaine          10     1   3  1  

5 vs 5 Defense 
   Defense                  Defense                                           Time % Phy DF OF 
 1 Ben Lovejoy              Matt Niskanen                                     40     1   2  2  
 2 Bobby Sanguinetti        Andrew Campbell                                   34     1   2  2  
 3 Francois Beauchemin      Jordie Benn                                       26     1   3  1  
 4 Francois Beauchemin      Matt Niskanen                                     0      1   2  2  

PowerPlay Forward 
   Center                   Left Wing                Right Wing               Time % Phy DF OF 
 1 Joe Thornton             Daniel Sedin             Ryan Callahan            55     1   1  3  
 2 Mathieu Perreault        Mike Cammalleri          Justin Abdelkader        45     1   1  3  

PowerPlay Defense
   Defense                  Defense                                           Time % Phy DF OF 
 1 Andrew Campbell          Matt Niskanen                                     60     1   1  3  
 2 Francois Beauchemin      Jordie Benn                                       40     1   2  2  

Penalty Kill 4 Players Forward 
   Center                   Wing                     Time % Phy DF OF 
 1 Brian Boyle              Gregory Campbell         60     1   3  1  
 2 Mike Cammalleri          Justin Abdelkader        40     1   3  1  

Penalty Kill 4 Players Defense
   Defense                  Defense                  Time % Phy DF OF 
 1 Matt Niskanen            Andrew Campbell          60     1   3  1  
 2 Ben Lovejoy              Francois Beauchemin      40     1   3  1  

Penalty Kill - 3 Players Forward 
   Forward                                           Time % Phy DF OF 
 1 Brian Boyle                                       60     1   3  1  
 2 Gregory Campbell                                  40     1   3  1  

Penalty Kill - 3 Players Defense
   Defense                  Defense                  Time % Phy DF OF 
 1 Matt Niskanen            Andrew Campbell          60     1   3  1  
 2 Ben Lovejoy              Francois Beauchemin      40     1   3  1  

4 vs 4 Forward 
   Center                   Wing                     Time % Phy DF OF 
 1 Mike Ribeiro             Justin Abdelkader        60     1   2  2  
 2 Joe Thornton             Ryan Callahan            40     1   2  2  

4 vs 4 Defense
   Defense                  Defense                  Time % Phy DF OF 
 1 Ben Lovejoy              Matt Niskanen            60     1   2  2  
 2 Andrew Campbell          Francois Beauchemin      40     1   2  2  

Last Minutes Offensive
   Center                   Left Wing                Right Wing               Defense                  Defense                  
   Joe Thornton             Mike Cammalleri          Justin Abdelkader        Ben Lovejoy              Matt Niskanen            

Last Minutes Defensive
   Center                   Left Wing                Right Wing               Defense                  Defense                  
   Gregory Campbell         Brian Boyle              Mike Cammalleri          Ben Lovejoy              Andrew Campbell          

Goaltenders
Starting : Pekka Rinne              
Backup : Curtis McElhinney        

Extra Forwards
Normal : Mike Cammalleri, Mathieu Perreault, Gregory Campbell - PP : Mike Cammalleri, Mike Ribeiro - PK : Mike Cammalleri
Extra Defensemen
Normal : Francois Beauchemin, Andrew Campbell, Matt Niskanen - PP : Matt Niskanen - PK : Francois Beauchemin, Matt Niskanen
Penalty Shots
Brian Boyle, Mike Cammalleri, Patrick Eaves, Justin Abdelkader, Daniel Sedin

% Time on Ice - Capitals

Lines # - Real PCT - Wanted PCT - Time Play
Normal Forward
1 - 34% - 35% - 15:57
2 - 27% - 30% - 12:41
3 - 16% - 22% - 7:42
4 - 23% - 13% - 11:06
Normal Defense
1 - 34% - 35% - 15:54
2 - 33% - 30% - 15:43
3 - 26% - 22% - 12:08
4 - 8% - 13% - 3:41
PP Forward
1 - 50% - 60% - 2:34
2 - 50% - 40% - 2:35
PP Defense
1 - 60% - 60% - 3:05
2 - 40% - 40% - 2:04
PK Forward
1 - 82% - 60% - 6:06
2 - 18% - 40% - 1:19
PK Defense
1 - 56% - 60% - 4:10
2 - 44% - 40% - 3:15
PK3 Forward
1 - 0% - 60%
2 - 0% - 40%
PK3 Defense
1 - 0% - 60%
2 - 0% - 40%
44 Forward
1 - 0% - 60%
2 - 0% - 40%
44 Defense
1 - 0% - 60%
2 - 0% - 40%
Last Minute Offensive  - 0:00
Last Minute Defensive  - 0:00
Total
Forward - 60:00
Defense - 60:00

% Time on Ice - Canadiens

Lines # - Real PCT - Wanted PCT - Time Play
Normal Forward
1 - 32% - 33% - 15:20
2 - 28% - 31% - 13:12
3 - 26% - 26% - 12:10
4 - 14% - 10% - 6:44
Normal Defense
1 - 39% - 40% - 18:41
2 - 31% - 34% - 14:49
3 - 29% - 26% - 13:56
4 - 0% - 0% - 0:00
PP Forward
1 - 48% - 55% - 3:34
2 - 52% - 45% - 3:51
PP Defense
1 - 67% - 60% - 4:57
2 - 33% - 40% - 2:28
PK Forward
1 - 97% - 60% - 4:20
2 - 3% - 40% - 0:08
PK Defense
1 - 79% - 60% - 3:33
2 - 21% - 40% - 0:55
PK3 Forward
1 - 100% - 60% - 0:41
2 - 0% - 40% - 0:00
PK3 Defense
1 - 49% - 60% - 0:20
2 - 51% - 40% - 0:21
44 Forward
1 - 0% - 60%
2 - 0% - 40%
44 Defense
1 - 0% - 60%
2 - 0% - 40%
Last Minute Offensive  - 0:00
Last Minute Defensive  - 0:00
Total
Forward - 60:00
Defense - 60:00

Play by Play

1st period


0:01 of 1st period - Joe Thornton wins face-off versus Jussi Jokinen in neutral zone.
0:16 of 1st period - Snap shot by Daniel Sedin.
0:16 of 1st period - Stopped by Matt Murray with a rebound.
0:24 of 1st period - Snap shot by Joe Thornton.
0:24 of 1st period - Stopped by Matt Murray with a rebound.
0:28 of 1st period - Snap shot by Joe Thornton.
0:28 of 1st period - Shot Misses the Net.
0:30 of 1st period - Wrist shot by Daniel Sedin.
0:30 of 1st period - Stopped by Matt Murray without a rebound.
0:31 of 1st period - Mathieu Perreault wins face-off versus Leon Draisaitl in Capitals zone.
0:44 of 1st period - Snap shot by Mike Cammalleri.
0:44 of 1st period - Stopped by Matt Murray with a rebound.
0:46 of 1st period - Slapshot by Bobby Sanguinetti.
0:46 of 1st period - Stopped by Matt Murray with a rebound.
1:28 of 1st period - Eric O'Dell is hit by Bobby Sanguinetti and loses puck.
1:44 of 1st period - Slapshot by Francois Beauchemin.
1:44 of 1st period - Shot Blocked by Mark Cundari.
1:46 of 1st period - Wrist shot by Patrick Eaves.
1:46 of 1st period - Stopped by Matt Murray without a rebound.
1:47 of 1st period - Jussi Jokinen wins face-off versus Gregory Campbell in Capitals zone.
1:49 of 1st period - Double Minor Penalty to Paul Martin for Slashing.
1:50 of 1st period - Joe Thornton wins face-off versus Jussi Jokinen in Capitals zone.
2:06 of 1st period - Snap shot by Ryan Callahan.
2:06 of 1st period - Stopped by Matt Murray without a rebound.
2:07 of 1st period - Joe Thornton wins face-off versus Jussi Jokinen in Capitals zone.
2:10 of 1st period - Slapshot by Ryan Callahan.
2:10 of 1st period - Shot Misses the Net.
2:12 of 1st period - Snap shot by Joe Thornton.
2:12 of 1st period - Shot Misses the Net.
2:14 of 1st period - Slapshot by Matt Niskanen.
2:14 of 1st period - Deflect By Joe Thornton.
2:14 of 1st period - Shot Misses the Net.
2:14 of 1st period - Puck is out of play.
2:15 of 1st period - Jussi Jokinen wins face-off versus Mathieu Perreault in Capitals zone.
2:26 of 1st period - Wrist shot by Mike Cammalleri.
2:26 of 1st period - Deflect By Justin Abdelkader.
2:26 of 1st period - Goal by Justin Abdelkader - Capitals : 0 - Canadiens : 1.
2:27 of 1st period - Alex Tanguay wins face-off versus Joe Thornton in neutral zone.
2:40 of 1st period - Kris Versteeg is hit by Andrew Campbell.
2:55 of 1st period - Off-side.
2:56 of 1st period - Jussi Jokinen wins face-off versus Justin Abdelkader in neutral zone.
3:13 of 1st period - Jussi Jokinen is hit by Jordie Benn and loses puck.
3:32 of 1st period - Snap shot by Justin Abdelkader.
3:32 of 1st period - Goal by Justin Abdelkader - Capitals : 0 - Canadiens : 2.
3:33 of 1st period - Joe Thornton wins face-off versus Leon Draisaitl in neutral zone.
3:36 of 1st period - Paul Martin is hit by Ryan Callahan.
3:40 of 1st period - Matt Niskanen is hit by Luke Adam and loses puck.
3:47 of 1st period - Slapshot by Ben Lovejoy.
3:47 of 1st period - Stopped by Matt Murray without a rebound.
3:48 of 1st period - Leon Draisaitl wins face-off versus Joe Thornton in Capitals zone.
3:53 of 1st period - Paul Martin is hit by Matt Niskanen.
5:21 of 1st period - Slapshot by Jordie Benn.
5:21 of 1st period - Shot Misses the Net.
5:23 of 1st period - Snap shot by Francois Beauchemin.
5:23 of 1st period - Stopped by Matt Murray without a rebound.
5:24 of 1st period - Patrick Eaves wins face-off versus Eric O'Dell in Capitals zone.
5:35 of 1st period - Wrist shot by Mike Ribeiro.
5:35 of 1st period - Stopped by Matt Murray with a rebound.
5:37 of 1st period - Slapshot by Francois Beauchemin.
5:37 of 1st period - Stopped by Matt Murray without a rebound.
5:38 of 1st period - Gregory Campbell wins face-off versus Eric O'Dell in Capitals zone.
5:41 of 1st period - Backhand shot by Justin Fontaine.
5:41 of 1st period - Stopped by Matt Murray with a rebound.
5:46 of 1st period - Off-side.
5:47 of 1st period - Leon Draisaitl wins face-off versus Gregory Campbell in neutral zone.
6:45 of 1st period - Slapshot by Francois Beauchemin.
6:45 of 1st period - Stopped by Matt Murray with a rebound.
7:39 of 1st period - Matt Read is hit by Patrick Eaves and loses puck.
8:04 of 1st period - Snap shot by Justin Abdelkader.
8:04 of 1st period - Shot Misses the Net.
8:48 of 1st period - Slapshot by Brian Boyle.
8:48 of 1st period - Goal by Brian Boyle - Capitals : 0 - Canadiens : 3.
8:49 of 1st period - Joe Thornton wins face-off versus Jussi Jokinen in neutral zone.
9:08 of 1st period - Snap shot by Ryan Callahan.
9:08 of 1st period - Goal by Ryan Callahan - Capitals : 0 - Canadiens : 4.
9:08 of 1st period - Marc-Andre Fleury enters game.
9:09 of 1st period - Jussi Jokinen wins face-off versus Joe Thornton in neutral zone.
10:03 of 1st period - Mathieu Perreault is hit by Eric O'Dell and loses puck.
10:08 of 1st period - Wrist shot by Eric O'Dell.
10:08 of 1st period - Stopped by Pekka Rinne with a rebound.
10:12 of 1st period - Snap shot by Eric O'Dell.
10:12 of 1st period - Stopped by Pekka Rinne without a rebound.
10:13 of 1st period - Eric Neilson wins face-off versus Mike Ribeiro in Canadiens zone.
10:26 of 1st period - Snap shot by Maxim Noreau.
10:26 of 1st period - Deflect By Mike Ribeiro.
10:26 of 1st period - Stopped by Pekka Rinne without a rebound.
10:27 of 1st period - Leon Draisaitl wins face-off versus Mike Ribeiro in Canadiens zone.
10:40 of 1st period - Slapshot by Damon Severson.
10:40 of 1st period - Stopped by Pekka Rinne without a rebound.
10:41 of 1st period - Mathieu Perreault wins face-off versus Leon Draisaitl in Canadiens zone.
10:45 of 1st period - Off-side.
10:46 of 1st period - Mike Cammalleri wins face-off versus Leon Draisaitl in neutral zone.
10:50 of 1st period - Off-side.
10:51 of 1st period - Leon Draisaitl wins face-off versus Mike Cammalleri in neutral zone.
11:13 of 1st period - Snap shot by Kris Versteeg.
11:13 of 1st period - Shot Misses the Net.
11:25 of 1st period - Slapshot by Justin Abdelkader.
11:25 of 1st period - Deflect By Mathieu Perreault.
11:25 of 1st period - Stopped by Marc-Andre Fleury with a rebound.
11:27 of 1st period - Slapshot by Mathieu Perreault.
11:27 of 1st period - Shot Misses the Net.
11:29 of 1st period - Snap shot by Justin Abdelkader.
11:29 of 1st period - Deflect By Paul Martin.
11:29 of 1st period - Shot Blocked by Kris Versteeg.
11:29 of 1st period - Puck is out of play.
11:30 of 1st period - Joe Thornton wins face-off versus Jussi Jokinen in Capitals zone.
12:03 of 1st period - Wrist shot by Alex Tanguay.
12:03 of 1st period - Shot Blocked by Daniel Sedin.
12:23 of 1st period - Snap shot by Jaromir Jagr.
12:23 of 1st period - Stopped by Marc-Andre Fleury without a rebound.
12:24 of 1st period - Mike Ribeiro wins face-off versus Leon Draisaitl in Capitals zone.
12:42 of 1st period - Slapshot by Andy Greene.
12:42 of 1st period - Shot Blocked by Jaromir Jagr.
12:44 of 1st period - Slapshot by Paul Martin.
12:44 of 1st period - Shot Misses the Net.
12:46 of 1st period - Wrist shot by Andy Greene.
12:46 of 1st period - Stopped by Pekka Rinne without a rebound.
12:47 of 1st period - Mathieu Perreault wins face-off versus Eric O'Dell in Canadiens zone.
13:44 of 1st period - Snap shot by Ryan Callahan.
13:44 of 1st period - Stopped by Marc-Andre Fleury without a rebound.
13:45 of 1st period - Joe Thornton wins face-off versus Leon Draisaitl in Capitals zone.
13:58 of 1st period - Off-side.
13:59 of 1st period - Leon Draisaitl wins face-off versus Mike Ribeiro in neutral zone.
14:49 of 1st period - Andy Greene is hit by Andrew Campbell and loses puck.
15:14 of 1st period - Snap shot by Joe Thornton.
15:14 of 1st period - Shot Blocked by Matt Read.
15:50 of 1st period - Eric Gelinas is hit by Ben Lovejoy and loses puck.
16:33 of 1st period - Shawn O'Donnell beats up Gregory Campbell.
16:33 of 1st period - Penalty to Gregory Campbell for Fighting.
16:33 of 1st period - Penalty to Shawn O'Donnell for Fighting.
16:34 of 1st period - Mike Ribeiro wins face-off versus Jussi Jokinen in Capitals zone.
16:42 of 1st period - Andy Greene is hit by Matt Niskanen and loses puck.
16:56 of 1st period - Snap shot by Matt Read.
16:56 of 1st period - Stopped by Pekka Rinne with a rebound.
16:58 of 1st period - Snap shot by Jussi Jokinen.
16:58 of 1st period - Stopped by Pekka Rinne with a rebound.
17:28 of 1st period - Andy Greene is hit by Ben Lovejoy and loses puck.
18:07 of 1st period - Luke Adam beats up Bobby Sanguinetti.
18:07 of 1st period - Penalty to Bobby Sanguinetti for Fighting.
18:07 of 1st period - Penalty to Luke Adam for Fighting.
18:08 of 1st period - Mathieu Perreault wins face-off versus Eric O'Dell in Capitals zone.
18:28 of 1st period - Off-side.
18:29 of 1st period - Jussi Jokinen wins face-off versus Mike Ribeiro in neutral zone.
18:44 of 1st period - Wrist shot by Alex Tanguay.
18:44 of 1st period - Shot Blocked by Andrew Campbell.
18:58 of 1st period - Wrist shot by Jussi Jokinen.
18:58 of 1st period - Shot Misses the Net.
19:08 of 1st period - Icing by Jussi Jokinen.
19:09 of 1st period - Mathieu Perreault wins face-off versus Jussi Jokinen in Capitals zone.
Goals for this period are 0 for Capitals vs 4 for Canadiens.
Shots for this period are 7 for Capitals vs 20 for Canadiens.

2nd period


0:01 of 2nd period - Leon Draisaitl wins face-off versus Joe Thornton in neutral zone.
0:10 of 2nd period - Francois Beauchemin is hit by Andy Greene and loses puck.
0:21 of 2nd period - Slapshot by Paul Martin.
0:21 of 2nd period - Deflect By Leon Draisaitl.
0:21 of 2nd period - Shot Misses the Net.
0:21 of 2nd period - Puck is out of play.
0:22 of 2nd period - Jussi Jokinen wins face-off versus Mike Cammalleri in Canadiens zone.
0:23 of 2nd period - Wrist shot by Alex Tanguay.
0:23 of 2nd period - Stopped by Pekka Rinne with a rebound.
0:25 of 2nd period - Backhand shot by Mark Cundari.
0:25 of 2nd period - Shot Misses the Net.
0:27 of 2nd period - Slapshot by Matt Read.
0:27 of 2nd period - Stopped by Pekka Rinne with a rebound.
0:29 of 2nd period - Slapshot by Jussi Jokinen.
0:29 of 2nd period - Shot Blocked by Brian Boyle.
0:31 of 2nd period - Slapshot by Jussi Jokinen.
0:31 of 2nd period - Shot Misses the Net.
0:33 of 2nd period - Wrist shot by Matt Read.
0:33 of 2nd period - Shot Blocked by Andrew Campbell.
0:35 of 2nd period - Snap shot by Alex Tanguay.
0:35 of 2nd period - Stopped by Pekka Rinne without a rebound.
0:36 of 2nd period - Mike Cammalleri wins face-off versus Alex Tanguay in Canadiens zone.
1:02 of 2nd period - Snap shot by Matt Read.
1:02 of 2nd period - Stopped by Pekka Rinne with a rebound.
1:24 of 2nd period - Wrist shot by Steve Bernier.
1:24 of 2nd period - Shot Blocked by Francois Beauchemin.
1:26 of 2nd period - Snap shot by Andy Greene.
1:26 of 2nd period - Deflect By Daniel Sedin.
1:26 of 2nd period - Goal by Andy Greene - Capitals : 1 - Canadiens : 4.
1:27 of 2nd period - Leon Draisaitl wins face-off versus Mike Ribeiro in neutral zone.
1:30 of 2nd period - Patrick Eaves is hit by Chad LaRose and loses puck.
2:09 of 2nd period - Matt Niskanen is hit by Eric O'Dell and loses puck.
2:26 of 2nd period - Wrist shot by Alex Tanguay.
2:26 of 2nd period - Shot Misses the Net.
2:28 of 2nd period - Snap shot by Alex Tanguay.
2:28 of 2nd period - Stopped by Pekka Rinne with a rebound.
3:23 of 2nd period - Minor Penalty to Damon Severson for Tripping.
3:24 of 2nd period - Joe Thornton wins face-off versus Jussi Jokinen in Capitals zone.
3:56 of 2nd period - Andy Greene is hit by Andrew Campbell and loses puck.
4:34 of 2nd period - Slapshot by Francois Beauchemin.
4:34 of 2nd period - Shot Blocked by Andy Greene.
4:36 of 2nd period - Slapshot by Jordie Benn.
4:36 of 2nd period - Stopped by Marc-Andre Fleury without a rebound.
4:37 of 2nd period - Joe Thornton wins face-off versus Luke Adam in Capitals zone.
5:23 of 2nd period - Penalty to Damon Severson is over, Damon Severson is back on ice.
5:29 of 2nd period - Wrist shot by Justin Fontaine.
5:29 of 2nd period - Stopped by Marc-Andre Fleury without a rebound.
5:30 of 2nd period - Eric O'Dell wins face-off versus Gregory Campbell in Capitals zone.
5:37 of 2nd period - Snap shot by Paul Martin.
5:37 of 2nd period - Stopped by Pekka Rinne with a rebound.
6:13 of 2nd period - Minor Penalty to Eric O'Dell for Charging.
6:14 of 2nd period - Joe Thornton wins face-off versus Jussi Jokinen in Capitals zone.
6:22 of 2nd period - Slapshot by Andrew Campbell.
6:22 of 2nd period - Shot Blocked by Eric Gelinas.
6:24 of 2nd period - Slapshot by Matt Niskanen.
6:24 of 2nd period - Goal by Matt Niskanen - Capitals : 1 - Canadiens : 5.
6:25 of 2nd period - Joe Thornton wins face-off versus Leon Draisaitl in neutral zone.
6:52 of 2nd period - Snap shot by Joe Thornton.
6:52 of 2nd period - Stopped by Marc-Andre Fleury without a rebound.
6:53 of 2nd period - Mathieu Perreault wins face-off versus Eric O'Dell in Capitals zone.
7:11 of 2nd period - Icing by Andy Greene.
7:12 of 2nd period - Mathieu Perreault wins face-off versus Eric O'Dell in Capitals zone.
7:36 of 2nd period - Slapshot by Paul Martin.
7:36 of 2nd period - Shot Blocked by Matt Niskanen.
8:08 of 2nd period - Snap shot by Leon Draisaitl.
8:08 of 2nd period - Stopped by Pekka Rinne without a rebound.
8:09 of 2nd period - Jussi Jokinen wins face-off versus Joe Thornton in Canadiens zone.
8:10 of 2nd period - Wrist shot by Matt Read.
8:10 of 2nd period - Stopped by Pekka Rinne with a rebound.
8:12 of 2nd period - Snap shot by Jussi Jokinen.
8:12 of 2nd period - Stopped by Pekka Rinne with a rebound.
8:14 of 2nd period - Slapshot by Matt Read.
8:14 of 2nd period - Shot Misses the Net.
8:16 of 2nd period - Snap shot by Matt Read.
8:16 of 2nd period - Shot Blocked by Joe Thornton.
8:18 of 2nd period - Wrist shot by Matt Read.
8:18 of 2nd period - Shot Misses the Net.
8:30 of 2nd period - Wrist shot by Matt Read.
8:30 of 2nd period - Stopped by Pekka Rinne with a rebound.
8:32 of 2nd period - Wrist shot by Alex Tanguay.
8:32 of 2nd period - Deflect By Ryan Callahan.
8:32 of 2nd period - Shot Misses the Net.
8:32 of 2nd period - Puck is out of play.
8:33 of 2nd period - Mike Ribeiro wins face-off versus Leon Draisaitl in Canadiens zone.
8:35 of 2nd period - Minor Penalty to Francois Beauchemin for Interference.
8:36 of 2nd period - Jussi Jokinen wins face-off versus Brian Boyle in Canadiens zone.
8:40 of 2nd period - Snap shot by Alex Tanguay.
8:40 of 2nd period - Goal by Alex Tanguay - Capitals : 2 - Canadiens : 5.
8:41 of 2nd period - Leon Draisaitl wins face-off versus Ryan Callahan in neutral zone.
8:50 of 2nd period - Luke Adam is hit by Francois Beauchemin.
9:05 of 2nd period - Minor Penalty to Chad LaRose for Hooking.
9:06 of 2nd period - Mathieu Perreault wins face-off versus Jussi Jokinen in Capitals zone.
9:18 of 2nd period - Snap shot by Justin Abdelkader.
9:18 of 2nd period - Deflect By Mathieu Perreault.
9:18 of 2nd period - Shot Misses the Net.
9:18 of 2nd period - Puck is out of play.
9:19 of 2nd period - Mathieu Perreault wins face-off versus Jussi Jokinen in Capitals zone.
10:10 of 2nd period - Jussi Jokinen is hit by Matt Niskanen.
10:16 of 2nd period - Snap shot by Jussi Jokinen.
10:16 of 2nd period - Shot Misses the Net.
11:05 of 2nd period - Penalty to Chad LaRose is over, Chad LaRose is back on ice.
11:09 of 2nd period - Joe Thornton is hit by Eric Gelinas and loses puck.
11:34 of 2nd period - Alex Tanguay is hit by Patrick Eaves and loses puck.
11:39 of 2nd period - Snap shot by Mike Ribeiro.
11:39 of 2nd period - Stopped by Marc-Andre Fleury without a rebound.
11:40 of 2nd period - Mike Ribeiro wins face-off versus Eric O'Dell in Capitals zone.
11:45 of 2nd period - Snap shot by Jaromir Jagr.
11:45 of 2nd period - Shot Hit the Post.
11:53 of 2nd period - Jaromir Jagr is hit by Eric Neilson and loses puck.
12:00 of 2nd period - Wrist shot by Paul Martin.
12:00 of 2nd period - Shot Blocked by Matt Niskanen.
12:02 of 2nd period - Wrist shot by Andy Greene.
12:02 of 2nd period - Shot Blocked by Patrick Eaves.
12:04 of 2nd period - Slapshot by Paul Martin.
12:04 of 2nd period - Deflect By Jaromir Jagr.
12:04 of 2nd period - Stopped by Pekka Rinne with a rebound.
12:10 of 2nd period - Slapshot by Andy Greene.
12:10 of 2nd period - Deflect By Jaromir Jagr.
12:10 of 2nd period - Stopped by Pekka Rinne with a rebound.
13:47 of 2nd period - Snap shot by Eric O'Dell.
13:47 of 2nd period - Stopped by Pekka Rinne with a rebound.
13:49 of 2nd period - Snap shot by Eric Gelinas.
13:49 of 2nd period - Shot Blocked by Francois Beauchemin.
13:53 of 2nd period - Slapshot by Eric Gelinas.
13:53 of 2nd period - Shot Blocked by Mike Cammalleri.
13:55 of 2nd period - Snap shot by Shawn O'Donnell.
13:55 of 2nd period - Deflect By Eric O'Dell.
13:55 of 2nd period - Shot Misses the Net.
13:55 of 2nd period - Puck is out of play.
13:56 of 2nd period - Eric O'Dell wins face-off versus Ryan Callahan in Canadiens zone.
15:23 of 2nd period - Jordie Benn is hit by Steve Bernier and loses puck.
16:08 of 2nd period - Andy Greene is hit by Jordie Benn and loses puck.
17:10 of 2nd period - Shawn O'Donnell is hit by Justin Abdelkader and loses puck.
17:38 of 2nd period - Snap shot by Kris Versteeg.
17:38 of 2nd period - Shot Misses the Net.
17:40 of 2nd period - Backhand shot by Luke Adam.
17:40 of 2nd period - Deflect By Kris Versteeg.
17:40 of 2nd period - Stopped by Pekka Rinne with a rebound.
17:42 of 2nd period - Wrist shot by Mark Cundari.
17:42 of 2nd period - Stopped by Pekka Rinne without a rebound.
17:43 of 2nd period - Gregory Campbell wins face-off versus Luke Adam in Canadiens zone.
18:10 of 2nd period - Andy Greene is hit by Matt Niskanen and loses puck.
18:35 of 2nd period - Slapshot by Paul Martin.
18:35 of 2nd period - Stopped by Pekka Rinne without a rebound.
18:36 of 2nd period - Mike Ribeiro wins face-off versus Eric O'Dell in Canadiens zone.
18:41 of 2nd period - Shawn O'Donnell is hit by Mike Ribeiro and loses puck.
Goals for this period are 2 for Capitals vs 1 for Canadiens.
Shots for this period are 18 for Capitals vs 5 for Canadiens.

3rd period


0:01 of 3rd period - Leon Draisaitl wins face-off versus Joe Thornton in neutral zone.
0:22 of 3rd period - Snap shot by Leon Draisaitl.
0:22 of 3rd period - Shot Misses the Net.
0:33 of 3rd period - Minor Penalty to Ben Lovejoy for Tripping.
0:34 of 3rd period - Jussi Jokinen wins face-off versus Brian Boyle in Canadiens zone.
1:37 of 3rd period - Slapshot by Steve Bernier.
1:37 of 3rd period - Deflect By Kris Versteeg.
1:37 of 3rd period - Deflect By Brian Boyle.
1:37 of 3rd period - Goal by Kris Versteeg - Capitals : 3 - Canadiens : 5.
1:38 of 3rd period - Leon Draisaitl wins face-off versus Mathieu Perreault in neutral zone.
1:45 of 3rd period - Snap shot by Leon Draisaitl.
1:45 of 3rd period - Shot Misses the Net.
1:57 of 3rd period - Wrist shot by Damon Severson.
1:57 of 3rd period - Deflect By Leon Draisaitl.
1:57 of 3rd period - Stopped by Pekka Rinne with a rebound.
1:59 of 3rd period - Slapshot by Damon Severson.
1:59 of 3rd period - Shot Blocked by Mathieu Perreault.
2:01 of 3rd period - Wrist shot by Luke Adam.
2:01 of 3rd period - Stopped by Pekka Rinne with a rebound.
2:03 of 3rd period - Wrist shot by Chad LaRose.
2:03 of 3rd period - Stopped by Pekka Rinne without a rebound.
2:04 of 3rd period - Joe Thornton wins face-off versus Jussi Jokinen in Canadiens zone.
2:15 of 3rd period - Snap shot by Joe Thornton.
2:15 of 3rd period - Shot Misses the Net.
2:35 of 3rd period - Backhand shot by Alex Tanguay.
2:35 of 3rd period - Shot Misses the Net.
2:37 of 3rd period - Wrist shot by Andy Greene.
2:37 of 3rd period - Stopped by Pekka Rinne without a rebound.
2:38 of 3rd period - Justin Abdelkader wins face-off versus Leon Draisaitl in Canadiens zone.
2:38 of 3rd period - Justin Abdelkader is hit by Kris Versteeg.
2:58 of 3rd period - Icing by Kris Versteeg.
2:59 of 3rd period - Leon Draisaitl wins face-off versus Mike Ribeiro in Capitals zone.
2:59 of 3rd period - Leon Draisaitl is hit by Francois Beauchemin.
3:05 of 3rd period - Mike Ribeiro is hit by Kris Versteeg and loses puck.
3:43 of 3rd period - Slapshot by Matt Read.
3:43 of 3rd period - Shot Misses the Net.
3:45 of 3rd period - Minor Penalty to Mike Ribeiro for Hooking.
3:46 of 3rd period - Brian Boyle wins face-off versus Jussi Jokinen in Canadiens zone.
5:32 of 3rd period - Icing by Damon Severson.
5:33 of 3rd period - Mathieu Perreault wins face-off versus Leon Draisaitl in Capitals zone.
5:45 of 3rd period - Penalty to Mike Ribeiro is over, Mike Ribeiro is back on ice.
6:04 of 3rd period - Andrew Campbell is hit by Kris Versteeg.
7:01 of 3rd period - Backhand shot by Leon Draisaitl.
7:01 of 3rd period - Shot Misses the Net.
7:03 of 3rd period - Slapshot by Maxim Noreau.
7:03 of 3rd period - Shot Misses the Net.
7:05 of 3rd period - Slapshot by Paul Martin.
7:05 of 3rd period - Deflect By Leon Draisaitl.
7:05 of 3rd period - Shot Misses the Net.
7:05 of 3rd period - Puck is out of play.
7:06 of 3rd period - Leon Draisaitl wins face-off versus Mike Ribeiro in Canadiens zone.
7:13 of 3rd period - Slapshot by Paul Martin.
7:13 of 3rd period - Shot Misses the Net.
8:01 of 3rd period - Snap shot by Justin Abdelkader.
8:01 of 3rd period - Goal by Justin Abdelkader - Capitals : 3 - Canadiens : 6.
8:02 of 3rd period - Eric O'Dell wins face-off versus Mike Cammalleri in neutral zone.
8:36 of 3rd period - Wrist shot by Mike Cammalleri.
8:36 of 3rd period - Stopped by Marc-Andre Fleury without a rebound.
8:37 of 3rd period - Joe Thornton wins face-off versus Jussi Jokinen in Capitals zone.
9:27 of 3rd period - Minor Penalty to Jaromir Jagr for Roughing.
9:28 of 3rd period - Brian Boyle wins face-off versus Leon Draisaitl in Canadiens zone.
9:55 of 3rd period - Matt Niskanen is hit by Damon Severson and loses puck.
10:27 of 3rd period - Minor Penalty to Brian Boyle for High sticking.
10:28 of 3rd period - Leon Draisaitl wins face-off versus Mike Cammalleri in Canadiens zone.
10:44 of 3rd period - Wrist shot by Mike Cammalleri.
10:44 of 3rd period - Shot Misses the Net.
10:46 of 3rd period - Slapshot by Francois Beauchemin.
10:46 of 3rd period - Stopped by Marc-Andre Fleury with a rebound.
10:48 of 3rd period - Snap shot by Mike Cammalleri.
10:48 of 3rd period - Stopped by Marc-Andre Fleury without a rebound.
10:49 of 3rd period - Jussi Jokinen wins face-off versus Mike Cammalleri in Capitals zone.
10:58 of 3rd period - Backhand shot by Matt Read.
10:58 of 3rd period - Shot Misses the Net.
11:04 of 3rd period - Snap shot by Matt Read.
11:04 of 3rd period - Shot Blocked by Matt Niskanen.
11:06 of 3rd period - Wrist shot by Andy Greene.
11:06 of 3rd period - Shot Misses the Net.
11:08 of 3rd period - Slapshot by Paul Martin.
11:08 of 3rd period - Goal by Paul Martin - Capitals : 4 - Canadiens : 6.
11:09 of 3rd period - Mike Cammalleri wins face-off versus Leon Draisaitl in neutral zone.
11:28 of 3rd period - Snap shot by Kris Versteeg.
11:28 of 3rd period - Goal by Kris Versteeg - Capitals : 5 - Canadiens : 6.
11:29 of 3rd period - Joe Thornton wins face-off versus Jussi Jokinen in neutral zone.
12:22 of 3rd period - Snap shot by Leon Draisaitl.
12:22 of 3rd period - Shot Misses the Net.
12:24 of 3rd period - Snap shot by Leon Draisaitl.
12:24 of 3rd period - Shot Misses the Net.
12:58 of 3rd period - Ryan Callahan is hit by Eric O'Dell and loses puck.
13:30 of 3rd period - Snap shot by Justin Abdelkader.
13:30 of 3rd period - Shot Blocked by Eric O'Dell.
13:54 of 3rd period - Snap shot by Luke Adam.
13:54 of 3rd period - Shot Misses the Net.
13:56 of 3rd period - Snap shot by Leon Draisaitl.
13:56 of 3rd period - Shot Blocked by Justin Abdelkader.
13:58 of 3rd period - Slapshot by Mark Cundari.
13:58 of 3rd period - Deflect By Luke Adam.
13:58 of 3rd period - Shot Misses the Net.
13:58 of 3rd period - Puck is out of play.
13:59 of 3rd period - Patrick Eaves wins face-off versus Leon Draisaitl in Canadiens zone.
14:37 of 3rd period - Alex Tanguay is hit by Francois Beauchemin and loses puck.
14:48 of 3rd period - Gregory Campbell is hit by Maxim Noreau and loses puck.
14:53 of 3rd period - Wrist shot by Jussi Jokinen.
14:53 of 3rd period - Shot Misses the Net.
14:55 of 3rd period - Wrist shot by Alex Tanguay.
14:55 of 3rd period - Stopped by Pekka Rinne without a rebound.
14:56 of 3rd period - Gregory Campbell wins face-off versus Leon Draisaitl in Canadiens zone.
14:56 of 3rd period - Gregory Campbell is hit by Steve Bernier.
16:59 of 3rd period - Wrist shot by Gregory Campbell.
16:59 of 3rd period - Stopped by Marc-Andre Fleury with a rebound.
17:21 of 3rd period - Wrist shot by Eric O'Dell.
17:21 of 3rd period - Shot Misses the Net.
17:23 of 3rd period - Slapshot by Eric Gelinas.
17:23 of 3rd period - Shot Blocked by Jordie Benn.
17:25 of 3rd period - Snap shot by Eric O'Dell.
17:25 of 3rd period - Shot Blocked by Brian Boyle.
18:26 of 3rd period - Minor Penalty to Eric O'Dell for Slashing.
18:27 of 3rd period - Jussi Jokinen wins face-off versus Mathieu Perreault in Capitals zone.
18:41 of 3rd period - Wrist shot by Justin Abdelkader.
18:41 of 3rd period - Stopped by Marc-Andre Fleury without a rebound.
18:42 of 3rd period - Mathieu Perreault wins face-off versus Jussi Jokinen in Capitals zone.
18:45 of 3rd period - Snap shot by Mathieu Perreault.
18:45 of 3rd period - Shot Misses the Net.
18:47 of 3rd period - Slapshot by Andrew Campbell.
18:47 of 3rd period - Shot Blocked by Matt Read.
18:49 of 3rd period - Slapshot by Andrew Campbell.
18:49 of 3rd period - Stopped by Marc-Andre Fleury with a rebound.
18:53 of 3rd period - Snap shot by Justin Abdelkader.
18:53 of 3rd period - Stopped by Marc-Andre Fleury without a rebound.
18:54 of 3rd period - Peter DeBoer call a timeout for Capitals.
18:54 of 3rd period - Jussi Jokinen wins face-off versus Joe Thornton in Capitals zone.
19:14 of 3rd period - Andrew Campbell is hit by Andy Greene and loses puck.
19:29 of 3rd period - Snap shot by Jussi Jokinen.
19:29 of 3rd period - Shot Misses the Net.
19:31 of 3rd period - Slapshot by Andy Greene.
19:31 of 3rd period - Deflect By Jussi Jokinen.
19:31 of 3rd period - Shot Misses the Net.
19:31 of 3rd period - Puck is out of play.
19:32 of 3rd period - Jussi Jokinen wins face-off versus Mathieu Perreault in Canadiens zone.
19:51 of 3rd period - Backhand shot by Mike Cammalleri.
19:51 of 3rd period - Shot Blocked by Matt Read.
19:53 of 3rd period - Snap shot by Mike Cammalleri.
19:53 of 3rd period - Shot Blocked by Jussi Jokinen.
Goals for this period are 3 for Capitals vs 1 for Canadiens.
Shots for this period are 8 for Capitals vs 8 for Canadiens.